cohdb
Replays
Latest Replays
All Replays
Popular Replays
Top Player Replays
Match Explorer
How It Works
Community
CoH3 Stats
Reddit
Sign in to upload your games and track your stats! →
Sign in with Steam
Match 40238245
Unlisted
Match 40238245
Overview
Messages
Build Orders
End
Construct Weapon Support Center
Selects Armored Battlegroup
Selects Assault Engineers
Assault Engineer Squad
M1919 Machine Gun Team
Assault Engineer Squad
Bazooka Squad
Air Support Center
Bazooka Squad
Drink||Chouchen
Nithralder
。。。
vCoh
Ico
Turtleboy
0
0
Comments
sign in to comment!
No comments posted yet!